 Dungeon Crawl Stone Soup version 0.20.0-15-g7f486f2 (webtiles) character file.

10394 Eptagon the Fighter (level 11, 0/105 HPs)
             Began as a Minotaur Transmuter on June 10, 2017.
             Was a High Priest of Okawaru.
             Slain by an eight-headed hydra (15 damage)
             ... on level 1 of the Lair of Beasts.
             The game lasted 00:23:33 (14208 turns).

Eptagon the Fighter (Minotaur Transmuter)          Turns: 14208, Time: 00:23:34

Health: 0/105      AC:  7    Str: 15    XL:     11   Next: 35%
Magic:  13/15      EV: 15    Int: 13    God:    Okawaru [*****.]
Gold:   571        SH:  0    Dex: 11    Spells: 1/12 levels left

rFire    + . .     SeeInvis .     - Unarmed
rCold    . . .     Gourm    .   (no shield)
rNeg     . . .     Faith    .   L - +0 troll leather armour
rPois    .         Spirit   .   (helmet restricted)
rElec    .         Reflect  .   n - +0 cloak
rCorr    .         Harm     .   x - +0 pair of gloves
MR       .....                  (no boots)
Stlth    ++........             (no amulet)
Regen    0.7/turn               p - ring of protection from fire
MPRegen  0.2/turn               (no ring)

@: heroism
A: retaliatory headbutt, horns 2
a: Heroism, Finesse, Renounce Religion


You were on level 1 of the Lair of Beasts.
You worshipped Okawaru.
Okawaru was extremely pleased with you.
You were not hungry.

You visited 3 branches of the dungeon, and saw 12 of its levels.
You also visited: Sewer.

You collected 725 gold pieces.
You spent 154 gold pieces at shops.

Inventory:

Hand Weapons
 a - a +3 blowgun
Missiles
 t - 159 poisoned needles
Armour
 n - a +0 cloak (worn)
 x - a +0 pair of gloves (worn)
 L - a +0 troll leather armour (worn)
Jewellery
 p - a ring of protection from fire (left hand)
 F - an uncursed ring of protection from fire
Wands
 w - a wand of iceblast (5/15)
 y - a wand of polymorph (14/24)
 G - a wand of flame (20/48)
 H - a wand of paralysis (18/24)
Scrolls
 b - 4 scrolls of identify
 c - a scroll of immolation {unknown}
 g - 2 scrolls of fog {unknown}
 h - 3 scrolls of fear {unknown}
 j - a scroll of blinking {unknown}
 o - 4 scrolls of teleportation
 r - a scroll of recharging {unknown}
 s - 3 scrolls of enchant weapon {unknown}
 u - 5 scrolls of remove curse
 v - a scroll of enchant armour
 A - 2 scrolls of amnesia {unknown}
 B - 2 scrolls of magic mapping {unknown}
 E - 4 scrolls of noise {unknown}
Potions
 e - a potion of flight
 f - 3 potions of agility
 i - 3 potions of heal wounds
 k - 4 potions of brilliance
 l - a potion of invisibility
 q - a potion of resistance
 J - 2 potions of curing
 K - a potion of might {unknown}
Miscellaneous
 I - a phial of floods (inert)
 M - a fan of gales
Comestibles
 d - 6 bread rations
 m - 7 fruits
 z - 3 meat rations
 D - 13 royal jellies


   Skills:
 + Level 12.5(17.5) Fighting
 - Level 3.0(8.0) Dodging
 + Level 12.2(17.2) Unarmed Combat
 - Level 1.3 Spellcasting
 + Level 4.4 Transmutations
 - Level 7.6 Invocations


You had one spell level left.
You knew the following spells:

 Your Spells              Type           Power        Failure   Level  Hunger
a - Apportation           Tloc           #.....       32%         1    ##.....
b - Blade Hands           Tmut           ##........   82%         5    ######.
c - Beastly Appendage     Tmut           ##....       5%          1    ##.....
i - Ice Form              Ice/Tmut       #.......     78%         4    #####..


Dungeon Overview and Level Annotations

Branches:
Dungeon (10/15)            Temple (1/1) D:4            Lair (1/6) D:9
    Orc (0/2) D:9

Altars:
Ashenzari
Cheibriados
Dithmenos
Elyvilon
Fedhas
Gozag
Hepliaklqana
Kikubaaqudgha
Makhleb
Nemelex Xobeh
Okawaru
Qazlal
Ru
Sif Muna
Trog
Uskayaw
Vehumet
Xom
Yredelemnul
Zin
The Shining One

Shops:
D:7 (

Annotations:
D:5 1 runed door


Innate Abilities, Weirdness & Mutations

You reflexively headbutt those who attack you in melee.
You have a pair of horns on your head.


Message History

The eight-headed hydra bites you but does no damage. x2
The eight-headed hydra misses you.
The eight-headed hydra bites you but does no damage.
You pummel the eight-headed hydra!!
The eight-headed hydra is severely wounded.
You punch the eight-headed hydra!
The eight-headed hydra is almost dead.
The eight-headed hydra bites you.
The eight-headed hydra bites you but does no damage.
The eight-headed hydra bites you! The eight-headed hydra bites you. x2
The eight-headed hydra bites you!
* * * LOW HITPOINT WARNING * * *
The eight-headed hydra closely misses you.
The eight-headed hydra bites you!
* * * LOW HITPOINT WARNING * * *
You punch the eight-headed hydra! You headbutt the eight-headed hydra.
The eight-headed hydra is almost dead.
The eight-headed hydra barely misses you.
The eight-headed hydra bites you!
You die...

.......## ... .....
......... #...... ..
#.#... .. #### ##...#
###.... #...##..D.#
#P..... #......@# P
##...... ##......## ..
##.... ..
#...[....###..##..#.##..
#.........# #...##..>.##
#.......[.# #........
#.........# ##....8...
#.......### ##...##.##.
#......## ##.....####.
#.....## #...###.####


You could see an eight-headed hydra.

Vanquished Creatures
  A two-headed ogre (D:8)
  The ghost of GordonOverkill the Swashbuckler, a journeyman KoAs of Trog (D:9)
  A skeletal warrior (D:9)
  A gargoyle (D:10)
  A hornet (D:9)
  2 trolls
  2 hippogriffs
  3 wargs
  A soldier ant (D:9)
  2 water moccasins
  A porcupine (Lair:1)
  2 ice beasts
  5 orc warriors
  A black bear (D:8)
  An eye of draining (D:9)
  A phantom (D:6)
  6 ogres
  3 centaurs
  3 crocodiles
  6 big kobolds
  11 bullfrogs
  6 scorpions
  5 killer bees (D:7)
  9 wights
  8 howler monkeys
  5 crimson imps
  2 centaur zombies
  A bullfrog zombie (D:8)
  4 hounds
  2 jellies (D:9)
  A centaur skeleton (D:5)
  9 orc priests
  A gnoll shaman (D:7)
  An iron imp (D:5)
  16 orc wizards
  A bullfrog skeleton (D:7)
  Jessica (D:3)
  An iguana (D:7)
  15 worker ants
  A hound zombie (D:5)
  2 hound skeletons
  A worker ant zombie (D:7)
  Robin (D:2)
  11 gnolls
  14 adders
  2 shadow imps (D:8)
  An adder zombie (D:5)
  4 oozes
  2 adder skeletons
  5 worms
  2 dart slugs
  9 leopard geckos
  34 orcs
  7 giant cockroaches
  14 goblins
  7 hobgoblins
  11 jackals
  27 kobolds
  2 quokkas
  4 ball pythons
  9 bats
  5 frilled lizards
  3 leopard gecko skeletons
  A quokka skeleton (D:4)
  12 rats
334 creatures vanquished.

Vanquished Creatures (collateral kills)
  A hornet (D:9)
  A soldier ant (D:9)
2 creatures vanquished.

Vanquished Creatures (others)
  A quokka (D:4)
  A plant (D:9)
2 creatures vanquished.

Grand Total: 338 creatures vanquished

Notes
Turn   | Place    | Note
-------+----------+-------------------------------------------
     0 | D:1      | Eptagon the Minotaur Transmuter began the quest for the Orb.
     0 | D:1      | Reached XP level 1. HP: 16/16 MP: 1/1
   233 | D:1      | Reached XP level 2. HP: 24/24 MP: 3/3
   465 | D:1      | Reached XP level 3. HP: 18/29 MP: 4/4
  1106 | D:2      | Noticed Robin
  1130 | D:2      | Killed Robin
  1130 | D:2      | Reached XP level 4. HP: 30/38 MP: 5/5
  1507 | D:2      | Found an opulent altar of Gozag.
  2045 | D:3      | Found an ancient bone altar of Kikubaaqudgha.
  2096 | D:3      | Found a glowing drain.
  2108 | D:3      | Noticed Jessica
  2110 | Sewer    | Entered a sewer
  2267 | Sewer    | Noticed a big kobold
  2291 | Sewer    | Killed a big kobold
  2291 | Sewer    | Reached skill level 5 in Unarmed Combat
  2291 | Sewer    | Reached XP level 5. HP: 36/46 MP: 6/6
  2566 | Sewer    | Reached XP level 6. HP: 44/53 MP: 7/7
  2577 | Sewer    | Reached skill level 5 in Fighting
  2751 | D:3      | Killed Jessica
  3322 | D:3      | Found a shimmering altar of Xom.
  3471 | D:4      | Found a radiant altar of Vehumet.
  3495 | D:3      | Reached XP level 7. HP: 36/62 MP: 8/8
  3704 | D:4      | Found a white marble altar of Elyvilon.
  3990 | D:4      | Found a staircase to the Ecumenical Temple.
  4010 | Temple   | Entered the Ecumenical Temple
  4202 | Temple   | Became a worshipper of Warmaster Okawaru
  4920 | D:4      | Found a sparkling altar of Nemelex Xobeh.
  4997 | D:5      | Entered Level 5 of the Dungeon
  5299 | D:5      | Reached * piety under Okawaru
  5299 | D:5      | Reached skill level 1 in Invocations
  5299 | D:5      | Reached XP level 8. HP: 71/73 MP: 9/9
  5455 | D:5      | Found a runed door.
  5486 | D:5      | Found a runed door.
  5513 | D:5      | Found a snail-covered altar of Cheibriados.
  5757 | D:5      | Found a blossoming altar of Fedhas.
  6397 | D:5      | You fall through a shaft for 3 floors!
  6397 | D:8      | Noticed a hippogriff
  6401 | D:8      | Noticed a two-headed ogre
  6671 | D:8      | Learned a level 5 spell: Blade Hands
  6856 | D:8      | Reached ** piety under Okawaru
  6856 | D:8      | Reached XP level 9. HP: 45/83 MP: 11/11
  7028 | D:8      | Reached skill level 5 in Invocations
  7419 | D:8      | Killed a two-headed ogre
  7419 | D:8      | Reached *** piety under Okawaru
  7419 | D:8      | Reached skill level 10 in Fighting
  7419 | D:8      | Reached skill level 10 in Unarmed Combat
  7690 | D:6      | Learned a level 4 spell: Ice Form
  8157 | D:5      | Reached XP level 10. HP: 93/94 MP: 13/13
  8286 | D:6      | Found an opulent altar of Gozag.
  8901 | D:7      | Reached **** piety under Okawaru
  9390 | D:7      | Found Feuleneq's Antique Weapon Shop.
  9636 | D:7      | Found a sacrificial altar of Ru.
 10254 | D:7      | Bought a glowing blowgun for 154 gold pieces
 11470 | D:9      | Noticed GordonOverkill's ghost (journeyman KoAs)
 11497 | D:9      | Killed GordonOverkill's ghost
 12097 | D:9      | Reached ***** piety under Okawaru
 12124 | D:9      | Paralysed by a hornet for 1 turns
 12491 | D:9      | Reached XP level 11. HP: 94/104 MP: 15/15
 12543 | D:9      | Found a staircase to the Orcish Mines.
 12600 | D:9      | Found a staircase to the Lair.
 13278 | D:10     | Entered Level 10 of the Dungeon
 13397 | D:10     | Noticed a skeletal warrior
 13405 | D:10     | Noticed a skeletal warrior
 13455 | D:9      | Killed a skeletal warrior
 13606 | Lair:1   | Entered Level 1 of the Lair of Beasts
 14084 | Lair:1   | Learned a level 1 spell: Apportation
 14201 | Lair:1   | Noticed an eight-headed hydra
 14208 | Lair:1   | Slain by an eight-headed hydra

Skill      XL: |  1  2  3  4  5  6  7  8  9 10 11 |
---------------+----------------------------------+-----
Fighting       | 2 3 4 5 7 9 10 11 12 | 12.5
Dodging        | 3 |  3.0
Unarmed Combat | 4 5 6 7 9 10 11 12 | 12.2
Invocations    | 1 4 6 7 |  7.6
Transmutations | 3 4 |  4.4
Spellcasting   | |  1.3

Action                   |  1- 3 |  4- 6 |  7- 9 | 10-12 || total
-------------------------+-------+-------+-------+-------++-------
Melee: Unarmed           |   115 |   293 |   475 |   506 ||  1389
       Headbutt          |    15 |    27 |    70 |    83 ||   195
       Punch             |     2 |     2 |    17 |    18 ||    39
       Kick              |       |       |       |     6 ||     6
 Fire: Blowgun           |       |       |       |     9 ||     9
 Cast: Beastly Appendage |       |       |       |     1 ||     1
Invok: Heroism           |       |       |       |     3 ||     3
Evoke: Phial of floods   |       |       |       |     1 ||     1
  Use: Potion            |       |     3 |     3 |     5 ||    11
       Scroll            |       |       |     8 |     1 ||     9
  Eat: Chunk             |     1 |     8 |    15 |    19 ||    43
Armor: Ring mail         |    31 |    18 |       |       ||    49
       Robe              |     1 |       |       |       ||     1
       Scale mail        |       |    94 |   193 |   129 ||   416
       Troll leather arm |       |       |       |    23 ||    23
Dodge: Dodged            |    84 |   181 |   206 |   229 ||   700
